 Dungeon Crawl Stone Soup version 0.28.0-47-ge53b351184 (webtiles) character file.

Game seed: 6152892410625095283

136 Eitelfritz the Slasher (level 4, 0/34 HPs)
             Began as a Demonspawn Gladiator on May 4, 2022.
             Slain by a gnoll
             ... wielding a +0 spear
              (2 damage)
             ... on level 4 of the Dungeon.
             The game lasted 00:05:58 (3342 turns).

Eitelfritz the Slasher (Demonspawn Gladiator)       Turns: 3342, Time: 00:05:58

Health: 0/34       AC:  4    Str: 17    XL:     4   Next: 98%
Magic:  3/4        EV: 12    Int:  9    God:
Gold:   132        SH:  0    Dex: 14    Spells: 2/3 levels left

rFire   . . .      SeeInvis +   a - +0 long sword
rCold   . . .      Faith    .   (no shield)
rNeg    . . .      Spirit   .   b - +0 leather armour
rPois   .          Reflect  .   c - +0 helmet
rElec   .          Harm     .   (no cloak)
rCorr   .          Rampage  .   (no gloves)
Will    .....                   (no boots)
Stlth   +.........              (no amulet)
HPRegen 0.11/turn               n - ring of see invisible
MPRegen 0.09/turn               (no ring)

@: very slightly contaminated
A: foul stench 1, demonic magic 1
a: no special abilities


You were on level 4 of the Dungeon.
You visited 1 branch of the dungeon, and saw 4 of its levels.

You collected 132 gold pieces.

Inventory:

Hand Weapons
 a - a +0 long sword (weapon)
Missiles
 d - 3 throwing nets (quivered)
 g - 50 stones
 i - 3 boomerangs
 m - 3 poisoned darts
Armour
 b - a +0 leather armour (worn)
 c - a +0 helmet (worn)
 f - a +0 chain mail
Jewellery
 n - a ring of see invisible (left hand)
Scrolls
 j - a scroll of amnesia
Potions
 e - a potion of might
 h - 2 potions of flight
 k - a potion of attraction
 l - a potion of curing
 o - 2 potions of brilliance


   Skills:
 + Level 2.6 Fighting
 + Level 3.7 Long Blades
 + Level 1.8 Throwing
 + Level 1.8 Armour
 + Level 3.4 Dodging
 + Level 0.2 Stealth


You had 2 spell levels left.
You knew the following spells:

 Your Spells              Type           Power      Damage    Failure   Level
a - Sandblast             Erth           0%         2d4       43%         1

Your spell library contained the following spells:

 Spells                   Type           Power      Damage    Failure   Level
 Passwall                 Tmut/Erth      0%         N/A       58%         2
 Stone Arrow              Conj/Erth      0%         3d7       82%         3
 Airstrike                Air            0%         N/A       99%         4
 Summon Lightning Spire   Summ/Air       0%         N/A       99%         4
 Lightning Bolt           Conj/Air       0%         1d11      100%        5


Dungeon Overview and Level Annotations

Branches:
Dungeon (4/15)             Temple (0/1) D:4

Altars:

Shops:
D:4 *


Innate Abilities, Weirdness & Mutations

You may rarely emit foul miasma when damaged in melee.
Spells you cast may paralyse adjacent enemies.


Message History

The gnoll shouts!
A goblin comes into view. It is wielding a +0 club.
A quokka comes into view.
There is a stone staircase leading down here.
You hit the quokka.
The quokka is moderately wounded.
The quokka completely misses you.
You closely miss the quokka.
The quokka is moderately wounded.
The quokka bites you but does no damage.
You slash the quokka!
You kill the quokka!
The gnoll misses you.
You slash the gnoll!
The gnoll is severely wounded.
The gnoll hits you from afar with a +0 spear.
The gnoll barely misses you. x2
Casting: Sandblast (safe; 43% risk of failure)
Confirm with . or Enter, or press ? or * to list all spells.
Aiming: Sandblast (safe; 43% risk of failure)
Press: ? - help, Shift-Dir - straight line, f - gnoll
Aim: a gnoll, wielding a +0 flail (severely wounded, 81% to hit)
You miscast Sandblast.
You are very lightly contaminated with residual magic.
Nothing appears to happen.
The gnoll hits you with a +0 flail!
The gnoll hits you from afar with a +0 spear.
You closely miss the gnoll.
The gnoll is severely wounded.
The gnoll hits you with a +0 flail.
The gnoll hits you from afar with a +0 spear.
You slash the gnoll!
You kill the gnoll!
The gnoll hits you from afar with a +0 spear.
* * * LOW HITPOINT WARNING * * *
The gnoll hits you with a +0 spear.
* * * LOW HITPOINT WARNING * * *
Things that are here:
a +0 flail; a quokka corpse You closely miss the gnoll.
The gnoll hits you with a +0 spear.
You die...

#...#..#...# ..#
#..$....... ..#
##.(..##..$# #.#
#........).##. #.#
###....#..#..... #.#
#.............. #.#
#.#...#....#..#
#.###.............#
#..@g>...#......#.##
#######............<
#.............
###.<..#...... ###
#.#.##.##.## ..#
#.#.##.##.## #.#
#.#......... #.#
#.#### #.#. ##.# #.#
#.##.#.


You could see a gnoll.

Vanquished Creatures
  6 adders
  A gnoll (D:4)
  A worm (D:2)
  2 dart slugs
  8 bats
  5 endoplasms
  2 giant cockroaches
  7 hobgoblins
  7 jackals (D:1)
  3 quokkas
  5 ball pythons
  A frilled lizard (D:1)
  7 goblins
  3 kobolds
  5 rats
63 creatures vanquished.

Notes
Turn   | Place    | Note
-------+----------+-------------------------------------------
     0 | D:1      | Eitelfritz the Demonspawn Gladiator began the quest for the
                  | Orb.
     0 | D:1      | Reached XP level 1. HP: 16/16 MP: 1/1
   253 | D:1      | Gained mutation: You may rarely emit foul miasma when
                  | damaged in melee. [demonic ancestry]
   253 | D:1      | Reached XP level 2. HP: 12/22 MP: 2/2
  1074 | D:2      | Gained mutation: Spells you cast may paralyse adjacent
                  | enemies. [demonic ancestry]
  1074 | D:2      | Reached XP level 3. HP: 18/28 MP: 3/3
  1423 | D:2      | You fall into a shaft and drop 1 floor!
  1544 | D:2      | Reached skill level 1 in Armour
  1683 | D:2      | Found a faded altar of an unknown god.
  1906 | D:2      | Reached XP level 4. HP: 13/33 MP: 4/4
  3112 | D:2      | Learned a level 1 spell: Sandblast
  3159 | D:4      | Found Daiph's General Store.
  3194 | D:4      | Found a staircase to the Ecumenical Temple.
  3342 | D:4      | Slain by a gnoll

Illustrated notes

Levels and vault maps discovered:
D:1:      dpeg_arrival_boxes_within_box, layout_basic
D:2:      layout_rooms, shapermc_ecumenical_altar_ellora
D:3:      layout_loops_ring
D:4:      layout_loops_ring, nicolae_ru_sacrificial_ziggurat, temple_doors_e,
          serial_shops, shop, minmay_misc_feat_more_columns, uniq_pargi,
          uniq_eustachio, uniq_blork_the_orc

Skill      XL: |  1  2  3 |
---------------+----------+-----
Dodging        | 3 |  3.4
Long Blades    | 3 |  3.7
Armour         | 1 |  1.8
Fighting       | |  2.6
Throwing       | |  1.8
Stealth        | |  0.2

Action                   |  1- 3 |  4- 6 || total
-------------------------+-------+-------++-------
Melee: Long sword        |   105 |    78 ||   183
       Punch             |     1 |       ||     1
  Use: Scroll            |       |     5 ||     5
       Potion            |       |     2 ||     2
 Stab: Distracted        |       |     1 ||     1
Armor: Leather armour    |    53 |    32 ||    85
Dodge: Dodged            |    86 |    71 ||   157
